 Dungeon Crawl Stone Soup version 0.30-a0-696-g2367cd04db (webtiles) character file.

Game seed: 13007857839855839892

3871 Darius099 the Grappler (level 10, -1/102 HPs)
             Began as a Troll Berserker on Jan 21, 2023.
             Was a High Priest of Trog.
             Succumbed to a gnoll sergeant's poison
             ... while paralysed
             ... on level 8 of the Dungeon.
             The game lasted 00:16:18 (6637 turns).

Darius099 the Grappler (Troll Berserker)            Turns: 6637, Time: 00:16:19

Health: -1/102     AC:  8    Str: 29      XL:     10   Next: 0%
Magic:  9/9        EV:  1    Int:  0 (1)  God:    Trog [*****.]
Gold:   565        SH:  0    Dex: 10 (11) Spells: 9/9 levels left

rFire   + . .      SeeInvis .      - Unarmed
rCold   . . .      Faith    .    (no shield)
rNeg    . . .      Spirit   .    w - +1 robe {Will+}
rPois   .          Reflect  .    (helmet restricted)
rElec   .          Harm     .    a - +0 cloak
rCorr   +          Rampage  .    (gloves unavailable)
Will    +....      Clarity  +    (boots unavailable)
Stlth   +                        (no amulet)
HPRegen 1.17/turn                o - ring of protection from fire
MPRegen 0.11/turn                q - ring of resist corrosion

@: paralysed, lethally poisoned (-1 -> -14), slowed, lost intelligence, unable
to read
A: large, unfitting armour, claws 3, regeneration 1, shaggy fur 1, tough skin 1,
hooves 1, iridescent scales 1, clarity, deterioration 1, dopey 1
a: Renounce Religion, Berserk, Trog's Hand, Brothers in Arms


You were on level 8 of the Dungeon.
You worshipped Trog.
Trog was extremely pleased with you.
You visited 1 branch of the dungeon, and saw 9 of its levels.

You collected 565 gold pieces.

Inventory:

Missiles
 p - 2 throwing nets (quivered)
Armour
 a - a +0 cloak (worn)
 w - a +1 robe of willpower (worn)
Jewellery
 o - a ring of protection from fire (left claw)
 q - a ring of resist corrosion (right claw)
Wands
 j - a wand of flame (25)
 u - a wand of light (8)
 x - a wand of digging (3)
 B - a wand of iceblast (12)
Scrolls
 c - 5 scrolls of teleportation
 d - 3 scrolls of fog {unknown}
 e - a scroll of silence {unknown}
 f - 3 scrolls of poison {unknown}
 g - 3 scrolls of enchant weapon {unknown}
 i - 3 scrolls of fear {unknown}
 k - 2 scrolls of blinking {unknown}
 m - a scroll of amnesia {unknown}
 n - a scroll of magic mapping {unknown}
 s - 3 scrolls of enchant armour {unknown}
 t - 2 scrolls of noise {unknown}
 y - a scroll of acquirement {unknown}
 C - a scroll of torment {unknown}
Potions
 b - 2 potions of heal wounds
 h - a potion of resistance {unknown}
 l - 4 potions of lignification
 r - a potion of haste
 v - a potion of ambrosia
 z - a potion of might {unknown}
 A - 2 potions of magic {unknown}


   Skills:
 + Level 7.4 Fighting
 + Level 7.4 Dodging
 + Level 9.0 Unarmed Combat


You had 9 spell levels left.
You didn't know any spells.
Your spell library was empty.

Dungeon Overview and Level Annotations

Branches:
Dungeon (9/15)             Temple (0/1) D:6
   Lair: D:8-11         Orc: D:9-12

Altars:
Elyvilon
Fedhas
Okawaru
Ru
Sif Muna
Uskayaw
Wu Jian
The Shining One

Shops:
D:3 *[   D:9 *


Innate Abilities, Weirdness & Mutations

You are too large for most types of armour.
You have claws for hands.
Your natural rate of healing is unusually fast.
You are covered in fur. (AC +1)
You have tough skin. (AC +1)
You have large cloven feet.
You are partially covered in iridescent scales. (AC +2)
You possess an exceptional clarity of mind.
Your body sometimes deteriorates upon taking damage.
You are dopey. (Int -2)


Message History

* * * LOW HITPOINT WARNING * * *
You feel extremely sick.
There is a stone staircase leading down here.
Okay, then.
You feel much better.
You feel very sick. The killer bee barely misses you.
The gnoll sergeant hits you but does no damage.
You are more poisoned.
The killer bee stings you.
* * * LOW HITPOINT WARNING * * *
The goblin hits you with a +0 spear.
* * * LOW HITPOINT WARNING * * *
You feel much better.
You feel very sick. The killer bee stings you.
* * * LOW HITPOINT WARNING * * *
The gnoll sergeant hits you but does no damage.
You are more poisoned.
The killer bee stings you but does no damage.
The goblin hits you with a +0 spear.
* * * LOW HITPOINT WARNING * * *
You scratch the gnoll sergeant but do no damage.
You claw the gnoll sergeant, but do no damage.
* * * LOW HITPOINT WARNING * * *
You feel very sick.
The killer bee stings you but does no damage.
The gnoll sergeant barely misses you. The killer bee barely misses you.
The goblin hits you with a +0 spear.
* * * LOW HITPOINT WARNING * * *
Your two-headed ogre goes berserk!
* * * LOW HITPOINT WARNING * * *
You feel extremely sick.
The killer bee stings you but does no damage.
The gnoll sergeant hits you with a +1 spear of venom!
* * * LOW HITPOINT WARNING * * *
Your body deteriorates!
You feel dopey.
You have lost your intelligence.
The killer bee stings you but does no damage.
The goblin hits you but does no damage.
You die...

.#...........###..####....## #..
.###........## #....##.##.### #..
.# #.######..# #.#..........# #..
.###.# ##.###...#####....###..
.##..# #.#...### ##....####
.#..## #####...#.# #.........
.#.#####........O### #.........
...###...#######gg.#####.........
#.#....### #@#...............
....#### #y#######.....(... .####
#.# #......... ## #.# #.........
## ############.#########.......
.# #......................######
.# #.[.....##############.#####)
.# #.....### #..#...) .# #.....#
##<..###


You could see a gnoll sergeant, a killer bee, a goblin (ally target) and a
friendly two-headed ogre (summoned, berserk).

Vanquished Creatures
  Menkaure (D:7)
  3 water moccasins
  3 orc warriors (D:8)
  3 sky beasts
  2 ice beasts (D:6)
  4 ogres
  4 centaurs
  2 kobold brigands
  Blork the orc (D:6)
  5 bullfrogs
  3 gnoll sergeants
  A scorpion (D:5)
  4 killer bees
  2 gnoll boudas
  6 hounds
  2 orc priests
  A jelly (D:4)
  2 orc wizards
  15 gnolls
  9 adders
  A white imp (D:5)
  2 ufetubi
  A worm (D:2)
  3 dart slugs
  42 orcs
  4 bats
  4 endoplasms
  2 giant cockroaches
  13 hobgoblins
  13 jackals
  21 kobolds
  8 quokkas
  3 ball pythons
  3 frilled lizards
  9 goblins
  3 rats
  A bush (D:8)
206 creatures vanquished.

Vanquished Creatures (collateral kills)
  An orc warrior (D:6)
  An ogre (D:6)
  2 hounds (D:6)
  A gnoll bouda (D:6)
  An orc wizard (D:6)
  2 gnolls (D:6)
  3 hobgoblins (D:6)
  A kobold (D:6)
12 creatures vanquished.

Vanquished Creatures (others)
  A plant (D:6)
1 creature vanquished.

Grand Total: 219 creatures vanquished

Notes
Turn   | Place    | Note
-------+----------+-------------------------------------------
     0 | D:1      | Darius099 the Troll Berserker began the quest for the Orb.
     0 | D:1      | Reached XP level 1. HP: 22/22 MP: 0/0
   350 | D:1      | Reached XP level 2. HP: 29/29 MP: 1/1
   484 | D:1      | Found a faded altar of an unknown god.
   995 | D:2      | Reached XP level 3. HP: 36/36 MP: 2/2
  1128 | D:2      | Reached ** piety under Trog
  1136 | D:2      | Reached XP level 4. HP: 45/45 MP: 3/3
  1701 | D:2      | Found an ornate altar of the Wu Jian Council.
  1762 | D:3      | Found Lagriti's General Store.
  1784 | D:3      | Noticed a kobold brigand
  1789 | D:3      | Killed a kobold brigand
  1790 | D:3      | Reached skill level 4 in Unarmed Combat
  1790 | D:3      | Reached XP level 5. HP: 50/53 MP: 4/4
  1890 | D:3      | Found Kyraovya's Armour Emporium.
  2039 | D:3      | Reached *** piety under Trog
  2290 | D:4      | Noticed an ogre
  2295 | D:4      | Killed an ogre
  2296 | D:4      | Reached XP level 6. HP: 36/62 MP: 5/5
  2439 | D:4      | Reached skill level 5 in Unarmed Combat
  2717 | D:4      | Reached XP level 7. HP: 63/71 MP: 6/6
  3100 | D:5      | Entered Level 5 of the Dungeon
  3646 | D:5      | Reached skill level 6 in Unarmed Combat
  3801 | D:5      | Reached skill level 5 in Fighting
  3820 | D:5      | Reached skill level 5 in Dodging
  3981 | D:6      | Reached XP level 8. HP: 70/80 MP: 7/7
  4002 | D:5      | Reached **** piety under Trog
  4166 | D:6      | Noticed Blork the orc
  4173 | D:6      | Killed Blork the orc
  4246 | D:6      | Reached skill level 7 in Unarmed Combat
  4303 | D:6      | Found a staircase to the Ecumenical Temple.
  4536 | D:6      | Reached XP level 9. HP: 58/89 MP: 8/8
  4550 | D:6      | HP: 2/89 [gnoll/+0 halberd (3)]
  4891 | D:7      | Gained mutation: You possess an exceptional clarity of
                  | mind. [potion of mutation]
  4891 | D:7      | Gained mutation: You have hidden genetic defects. [potion
                  | of mutation]
  4891 | D:7      | Gained mutation: You are partially covered in iridescent
                  | scales. (AC +2) [potion of mutation]
  4891 | D:7      | Gained mutation: You have large cloven feet. [potion of
                  | mutation]
  5088 | D:7      | Noticed Menkaure
  5094 | D:7      | Killed Menkaure
  5095 | D:7      | Reached skill level 8 in Unarmed Combat
  5132 | D:7      | Identified the +7 trident of the Mouth {heavy, rN+ Int-3
                  | Dex+7}
  5408 | D:7      | Found a glowing golden altar of the Shining One.
  5416 | D:7      | Found a blossoming altar of Fedhas.
  5423 | D:7      | Found a shimmering blue altar of Sif Muna.
  5430 | D:7      | Found an iron altar of Okawaru.
  5438 | D:7      | Found a sacrificial altar of Ru.
  5445 | D:7      | Found a hide-covered altar of Uskayaw.
  5451 | D:7      | Found a white marble altar of Elyvilon.
  5818 | D:8      | Gained mutation: You are dopey. (Int -2) [hidden defects]
  5967 | D:8      | Reached ***** piety under Trog
  6101 | D:8      | Gained mutation: Your body sometimes deteriorates upon
                  | taking damage. [hidden defects]
  6101 | D:8      | Lost mutation: You have hidden genetic defects. [hidden
                  | defects expressed]
  6112 | D:8      | Received a gift from Trog
  6616 | D:9      | Found Vokha's Assorted Antiques.
  6630 | D:9      | Reached skill level 9 in Unarmed Combat
  6630 | D:9      | Reached XP level 10. HP: 31/102 MP: 9/9
  6632 | D:8      | HP: 4/102 [poisoned by a gnoll sergeant]
  6636 | D:8      | Lost intelligence.
  6637 | D:8      | Succumbed to a gnoll sergeant's poison

Illustrated notes

Levels and vault maps discovered:
D:1:      dpeg_arrival_rooms_c, layout_loops_corners, serial_forest,
          infiniplex_forest_split, infiniplex_forest_straight_4,
          infiniplex_forest_corner_2, infiniplex_forest_clump_small,
          infiniplex_forest_clump_double, infiniplex_forest_end_3,
          infiniplex_forest_lined_room_2, ebering_ecumenical_altar_sacrificial
D:2:      kb_forest_paths, layout_basic, basic_altar
D:3:      layout_rooms, serial_shops, shop, shop, kennysheep_generic_room_7
D:4:      layout_loops_ring, grunt_tough_drop
D:5:      layout_loops_corners
D:6:      kennysheep_housing_project, layout_basic,
          minmay_temple_entry_offerings, nrook_campfire, uniq_blork_the_orc
D:7:      layout_basic, grunt_temple_overflow_octagram, palyth_stone_intersect,
          st_stairs_12, uniq_menkaure
D:8:      layout_rooms, special_room [special_room_orc],
          kb_lookout_dungeons_type
D:9:      layout_stronghold, tgw_kikubaaqudgha, zombieorc1_lemuel, serial_shops,
          nicolae_shop_overgrown_old_shop, nicolae_shop_trees, shop, shop,
          nicolae_shop_stone, lightli_bailey_entry_fortress,
          kennysheep_crisscross, nrook_loot_triangle, uniq_maggie

Skill      XL: |  1  2  3  4  5  6  7  8  9 |
---------------+----------------------------+-----
Fighting       | 3 4 5 6 7 |  7.4
Dodging        | 3 4 5 6 7 |  7.4
Unarmed Combat | 4 5 6 7 9 |  9.0

Action                   |  1- 3 |  4- 6 |  7- 9 | 10-12 || total
-------------------------+-------+-------+-------+-------++-------
Melee: Unarmed           |    63 |   150 |   358 |     1 ||   572
       Punch             |       |     4 |    13 |     1 ||    18
       Kick              |       |       |    45 |       ||    45
Invok: Berserk           |       |     2 |     2 |       ||     4
       Brothers in Arms  |       |       |     1 |     1 ||     2
  Use: Scroll            |       |     4 |     5 |       ||     9
       Potion            |       |       |     2 |     2 ||     4
 Stab: Sleeping          |     1 |       |       |       ||     1
Armor: Animal skin       |     4 |       |       |       ||     4
       Robe              |    25 |    53 |   156 |    15 ||   249
Dodge: Dodged            |    45 |    83 |   262 |     7 ||   397

Table legend: (Time is in decaauts)
 A = Elapsed time spent in this place.
 B = Non-inter-level travel time spent in this place.
 C = Inter-level travel time spent in this place.
 D = Time resting spent in this place.
 E = Time spent auto-exploring this place.
 F = Levels seen in this place.
 G = Mean time per level.
                   A        B        C        D        E       F      G
               +--------+--------+--------+--------+--------+-----+--------+
         Total |   6617 |   6277 |    340 |    198 |   4625 |   9 |  735.2 |
       Dungeon |   6617 |   6277 |    340 |    198 |   4625 |   9 |  735.2 |
               +--------+--------+--------+--------+--------+-----+--------+

Top non-repeatable levels by time:
     D:7: 900 daAuts
     D:5: 894 daAuts
     D:1: 888 daAuts
     D:6: 888 daAuts
     D:4: 877 daAuts
     D:2: 822 daAuts
     D:8: 813 daAuts
     D:3: 516 daAuts
     D:9: 14 daAuts
